 Dungeon Crawl Stone Soup version 0.24.0-125-gc4c63601f3 (webtiles) character file.

Game seed: 582144754813143761, levelgen mode: deterministic

35 Mzt the Sneak (level 3, 0/32 HPs)
             Began as a Naga Assassin on Mar 18, 2020.
             Slain by a gnoll
             ... wielding a +0 halberd
              (12 damage)
             ... on level 2 of the Dungeon.
             The game lasted 00:23:14 (3138 turns).

Mzt the Sneak (Naga Assassin)                       Turns: 3138, Time: 00:23:14

Health: 0/32       AC:  3    Str: 11 (13) XL:     3   Next: 35%
Magic:  3/3        EV:  9    Int:  9 (12) God:
Gold:   54         SH:  0    Dex: 11 (12) Spells: 2/2 levels left

rFire    . . .     SeeInvis +   m - +2 mace (holy)
rCold    . . .     Gourm    .   (no shield)
rNeg     . . .     Faith    .   b - +0 robe
rPois    +         Spirit   .   (no helmet)
rElec    .         Reflect  .   c - +0 cloak
rCorr    .         Harm     .   (no gloves)
MR       .....                  (no barding)
Stlth    +++.......             (no amulet)
HPRegen  0.10/turn              (no ring)
MPRegen  0.08/turn              (no ring)

@: very slow
A: large, see invisible, deformed body, poison resistance, slowness 2, slow
metabolism 1, spit poison 1, AC +1
a: Spit Poison


You were on level 2 of the Dungeon.
You were very hungry.

You visited 1 branch of the dungeon, and saw 2 of its levels.

You collected 54 gold pieces.

Inventory:

Hand Weapons
 a - a +2 dagger
 l - a +0 club
 m - a +2 mace of holy wrath (weapon)
Missiles
 d - 37 poisoned darts (quivered)
 e - 2 curare-tipped darts
 n - 2 stones
Armour
 b - a +0 robe (worn)
 c - a +0 cloak (worn)
 f - a +0 robe
 h - a +0 robe
Scrolls
 i - a scroll of identify
 o - a scroll of noise


   Skills:
 + Level 2.3 Fighting
 + Level 2.5 Short Blades
 + Level 1.9 Throwing
 + Level 0.7 Dodging
 + Level 6.7 Stealth


You had 2 spell levels left.
You didn't know any spells.
Your spell library was empty.

Dungeon Overview and Level Annotations

Branches:
Dungeon (2/15)

Altars:


Innate Abilities, Weirdness & Mutations

You cannot wear boots.
Your serpentine skin is tough. (AC +1)
You have supernaturally acute eyesight. (SInv)
Armour fits poorly on your strangely shaped body.
Your system is resistant to poisons. (rPois)
You cover ground very slowly.
You have a slow metabolism.
You can spit poison.


Message History

You kill the adder!
An adder comes into view.
The adder hisses angrily.
A gnoll comes into view.
A gnoll shaman comes into view. It is wielding a +0 club.
A gnoll comes into view. It is wielding a +0 halberd.
A frilled lizard comes into view.
You see here 13 gold pieces.
A gnoll comes into view. It is wielding a +0 club.
The adder barely misses you.
The gnoll moves out of view.
The gnoll shaman shouts!
The gnoll shouts!
You hear a shout!
The adder bites you but does no damage. The adder bites you.
You see here 13 gold pieces.
You now have 54 gold pieces (gained 13).
The adder bites you.
You sock the adder!
The adder is severely wounded.
The adder bites you.
The gnoll hits you from afar with a +0 halberd!
You die...

#.#.........##.#
.......#...............
##......#...........#.##
#.#.....#...8.......# #
#.....###8...8.....#
#...g.#...........#
##..gl.#..........##
##....S#.#..........#
+...(..@....†......##
##.....#.#.........#
##.....#..?.......#
#.....#.§†§§.....#
#.....###8.§.8....#
#.#..... ...8...)..#
##......#........#.#
.......#........#..
.#.......#


You could see a gnoll shaman, a gnoll, an adder and a frilled lizard.

Vanquished Creatures
  An adder (D:2)
  A worm (D:2)
  3 dart slugs (D:1)
  4 bats
  A giant cockroach (D:1)
  3 goblins (D:1)
  A kobold (D:1)
  A frilled lizard (D:1)
  4 rats
19 creatures vanquished.

Notes
Turn   | Place    | Note
-------+----------+-------------------------------------------
     0 | D:1      | Mzt the Naga Assassin began the quest for the Orb.
     0 | D:1      | Reached XP level 1. HP: 19/19 MP: 1/1
    96 | D:1      | Reached skill level 6 in Stealth
   137 | D:1      | Reached XP level 2. HP: 23/26 MP: 2/2
  2758 | D:2      | Reached XP level 3. HP: 30/32 MP: 3/3
  3138 | D:2      | Slain by a gnoll

Levels and vault maps discovered:
D:1:      lightli_iron_boxes, layout_loops_ring, serial_park_tiny_2
D:2:      wad_pebble_path, layout_basic, old_standard_altar,
          nicolae_overflow_crystal_walls, zin_angel

Skill      XL: |  1 |
---------------+----+-----
Stealth        | 6 |  6.7
Fighting       | |  2.3
Short Blades   | |  2.5
Throwing       | |  1.9
Dodging        | |  0.7

Action                   || total
-------------------------++-------
Melee: Dagger            ||    30
       Mace              ||    16
  Use: Scroll            ||     7
       Potion            ||     3
 Stab: Sleeping          ||     6
  Eat: Ration            ||     1
Armor: Robe              ||    18
Dodge: Dodged            ||    22
